 Dungeon Crawl Stone Soup version 0.29.1-4-g47bece8355 (webtiles) character file.

Game seed: 11606064434332956349

1662 croobank the Conjurer (level 8, -10/60 HPs)
             Began as a Demonspawn Conjurer on Dec 9, 2022.
             Mangled by an orc warrior
             ... wielding a +0 scimitar
              (22 damage)
             ... on level 6 of the Dungeon on Dec 10, 2022.
             The game lasted 00:48:21 (6692 turns).

croobank the Conjurer (Demonspawn Conjurer)         Turns: 6692, Time: 00:48:21

Health: -10/60     AC:  4    Str:  8    XL:     8   Next: 69%
Magic:  11/14      EV: 13    Int: 25    God:
Gold:   282        SH:  0    Dex: 12    Spells: 5/15 levels left

rFire   + . .      SeeInvis .   d - +1 dagger (flame)
rCold   + . .      Faith    .   (no shield)
rNeg    . . .      Spirit   .   i - +2 robe {Will+}
rPois   .          Reflect  .   (no helmet)
rElec   .          Harm     .   (no cloak)
rCorr   .          Rampage  .   (no gloves)
Will    +....                   (no boots)
Stlth   +++.......              c - amulet "Efuchuq" {RegenMP rF+ rC+}
HPRegen 0.20/turn               (no ring)
MPRegen 0.54/turn               (no ring)

@: no status effects
A: big brain 2, demonic magic 2, demonic touch 2
a: no special abilities


You were on level 6 of the Dungeon.
You visited 2 branches of the dungeon, and saw 7 of its levels.
You also visited: Sewer.

You collected 282 gold pieces.

Inventory:

Hand Weapons
 a - a +0 long sword of protection
 d - a +1 dagger of flaming (weapon)
 r - a +1 hand axe of flaming
 t - a +0 war axe
 u - a +0 dagger of venom
Missiles
 k - 36 poisoned darts
 m - a throwing net
Armour
 i - a +2 robe of willpower (worn)
 A - a +0 troll leather armour {Pargi}
Magical Staves
 e - a staff of fire
Jewellery
 c - the amulet "Efuchuq" (around neck) {RegenMP rF+ rC+}
   (You acquired it on level 2 of the Dungeon)

   [amulet of magic regeneration]

   It increases your rate of magic regeneration.
   rF:        It protects you from fire.
   rC:        It protects you from cold.
 x - a ring of positive energy
Wands
 v - a wand of mindburst (22)
 C - a wand of flame (15)
Scrolls
 g - 4 scrolls of teleportation
 l - a scroll of blinking {unknown}
 o - a scroll of silence
 p - a scroll of immolation
 y - a scroll of summoning
 z - 4 scrolls of magic mapping
 D - a scroll of enchant weapon
Potions
 b - 2 potions of magic
 f - 3 potions of curing
 h - 3 potions of haste
 j - a potion of heal wounds {unknown}
 n - a potion of flight {unknown}
 q - a potion of berserk rage {unknown}
 s - 2 potions of attraction {unknown}
 w - 2 potions of mutation {unknown}
 B - a potion of lignification {unknown}


   Skills:
 + Level 4.2 Fighting
 + Level 4.3 Dodging
 + Level 4.7 Stealth
 + Level 4.4 Spellcasting
 + Level 6.0 Conjurations
 + Level 3.1 Hexes
 + Level 2.9 Translocations


You had 5 spell levels left.
You knew the following spells:

 Your Spells              Type           Power      Damage    Failure   Level
a - Magic Dart            Conj           100%       1d8       1%          1
b - Searing Ray           Conj           70%        2d7       1%          2
c - Dazzling Flash        Conj/Hex       56%        N/A       4%          3
d - Iskenderun's Mystic   Conj/Tloc      27%        2d7       14%         4

Your spell library contained the following spells:

 Spells                   Type           Power      Damage    Failure   Level
 Ensorcelled Hibernation  Hex/Ice        26%        N/A       7%          2
 Portal Projectile        Hex/Tloc       40%        N/A       8%          3
 Passwall                 Tmut/Erth      4%         N/A       13%         2
 Sublimation of Blood     Necr           5%         N/A       13%         2
 Fulminant Prism          Conj/Hex       14%        3d9       13%         4
 Call Canine Familiar     Summ           5%         N/A       26%         3
 Swiftness                Air            5%         N/A       26%         3
 Leda's Liquefaction      Hex/Erth       6%         N/A       41%         4
 Irradiate                Conj/Tmut      10%        3d15      56%         5
 Petrify                  Tmut/Erth      5%         N/A       65%         4
 Silence                  Hex/Air        6%         N/A       77%         5
 Agony                    Necr           5%         N/A       94%         5


Dungeon Overview and Level Annotations

Branches:
Dungeon (6/15)             Temple (1/1) D:6           Sewer (visited)

Altars:
Cheibriados
Dithmenos
Fedhas
Hepliaklqana
Makhleb
Nemelex Xobeh
Okawaru
Qazlal
Ru
Trog
Uskayaw
Wu Jian

Annotations:
D:3 Grinder, Sigmund


Innate Abilities, Weirdness & Mutations

You have an extremely huge brain. (Int +4)
Spells you cast may paralyse nearby enemies.
Your touch may inflict irresistible damage on your foes.


Message History

An orc comes into view. It is wielding a +0 hand axe.
The orc warrior hits you with a +0 scimitar!
The searing ray misses the orc warrior.
The searing ray misses the orc.
An orc comes into view. It is wielding a +0 whip.
The orc warrior hits you with a +0 scimitar!
The searing ray hits the orc warrior.
The orc warrior is heavily wounded.
The searing ray hits the orc.
You kill the orc!
You finish channelling your searing ray.
The orc warrior hits you with a +0 scimitar!
The orc hits you with a +0 hand axe! The orc warrior barely misses you.
The orc warrior attacks as you move away!
The orc warrior closely misses you.
The orc warrior attacks as you move away!
The orc warrior misses you.
You see here a hound corpse.
The orc attacks as you move away! The orc misses you.
The orc warrior attacks as you move away!
The orc warrior hits you with a +0 scimitar.
The orc attacks as you move away! The orc hits you but does no damage.
Casting: Searing Ray (safe; 1% risk of failure)
Confirm with . or Enter, or press ? or * to list all spells.
Aiming: Searing Ray (safe; 1% risk of failure)
Press: ? - help, Shift-Dir - straight line, f/p - orc warrior
Aim: an orc warrior, wielding a +0 scimitar and wearing a +0 plate armour (heavily wounded, 81% to hit)
The searing ray hits the orc!
You kill the orc!
The searing ray hits the orc warrior.
The orc warrior is heavily wounded. (Press . to maintain the ray.) Malevolent energies surge around you.
An orc wizard comes into view. It is wielding a +0 dagger.
The searing ray misses the orc warrior.
The orc warrior hits you with a +0 scimitar!
* * * LOW HITPOINT WARNING * * *
The searing ray hits the orc warrior but does no damage.
The orc warrior is heavily wounded.
The orc warrior hits you with a +0 scimitar!!
You die...

# #. ## #..#.####
...#....#
........##############
#....'.............
#....############## #
##...# ......
#.##)#####@..# ..####
#....).o†o..##
........<....+
.............#
..#..........# .
#..........#
#..........#
#..........#
############


You could see an orc warrior and an orc wizard.

Vanquished Creatures
  An ice beast (D:6)
  An orc warrior (D:6)
  Pargi (Sewer)
  2 ogres
  2 phantoms (D:5)
  A kobold brigand (D:6)
  5 scorpions
  A jelly (D:5)
  An orc priest (D:5)
  6 hounds
  Jessica (D:3)
  3 iguanas
  3 orc wizards
  6 adders
  8 gnolls
  A white imp (D:4)
  A worm (D:2)
  6 dart slugs
  10 orcs
  12 endoplasms
  5 giant cockroaches
  4 goblins (D:1)
  8 hobgoblins
  6 jackals
  6 quokkas
  7 ball pythons
  4 bats
  A frilled lizard (D:1)
  14 kobolds
  8 rats
135 creatures vanquished.

Notes
Turn   | Place    | Note
-------+----------+-------------------------------------------
     0 | D:1      | croobank the Demonspawn Conjurer began the quest for the
                  | Orb.
     0 | D:1      | Reached XP level 1. HP: 13/13 MP: 3/3
   247 | D:1      | Gained mutation: Your touch may inflict minor irresistible
                  | damage on your foes. [demonic ancestry]
   247 | D:1      | Reached XP level 2. HP: 20/20 MP: 3/5
   272 | D:1      | Learned a level 2 spell: Searing Ray
  1064 | D:2      | Found a faded altar of an unknown god.
  1079 | D:1      | Gained mutation: You have an unusually large brain. (Int
                  | +2) [demonic ancestry]
  1079 | D:1      | Reached XP level 3. HP: 19/25 MP: 3/6
  1083 | D:1      | Learned a level 3 spell: Dazzling Flash
  1228 | D:2      | Reached skill level 1 in Fighting
  2430 | D:3      | Noticed Grinder
  2441 | D:2      | Identified a scroll of acquirement
  2441 | D:2      | Acquired the amulet "Efuchuq" {RegenMP rF+ rC+}
  2592 | D:3      | Noticed Jessica
  2616 | D:3      | Killed Jessica
  2617 | D:3      | Gained mutation: You have an extremely huge brain. (Int +4)
                  | [demonic ancestry]
  2617 | D:3      | Reached XP level 4. HP: 32/32 MP: 3/7
  2861 | D:3      | Noticed Sigmund
  3090 | D:4      | Gained mutation: Your touch may inflict irresistible damage
                  | on your foes. [demonic ancestry]
  3090 | D:4      | Reached XP level 5. HP: 26/38 MP: 5/9
  3650 | D:4      | Gained mutation: Spells you cast may paralyse adjacent
                  | enemies. [demonic ancestry]
  3650 | D:4      | Reached XP level 6. HP: 43/46 MP: 6/10
  3711 | D:4      | Learned a level 4 spell: Iskenderun's Mystic Blast
  4218 | D:5      | Entered Level 5 of the Dungeon
  4365 | D:5      | Reached skill level 5 in Conjurations
  4409 | D:5      | Reached skill level 1 in Hexes
  4409 | D:5      | Reached skill level 1 in Translocations
  4460 | D:5      | Gained mutation: Spells you cast may paralyse nearby
                  | enemies. [demonic ancestry]
  4460 | D:5      | Reached XP level 7. HP: 40/52 MP: 10/12
  4977 | D:5      | Found an ornate altar of the Wu Jian Council.
  5707 | D:6      | Found a glowing drain.
  5725 | Sewer    | Entered a sewer
  5794 | Sewer    | Noticed Pargi
  5801 | Sewer    | Killed Pargi
  5802 | Sewer    | Reached XP level 8. HP: 58/58 MP: 7/13
  6105 | D:6      | Found a staircase to the Ecumenical Temple.
  6126 | Temple   | Entered the Ecumenical Temple
  6347 | D:6      | Found a bloodstained altar of Trog.
  6489 | D:6      | Reached skill level 6 in Conjurations
  6564 | D:6      | Found a sacrificial altar of Ru.
  6692 | D:6      | Mangled by an orc warrior

Illustrated notes

Levels and vault maps discovered:
D:1:      shiori_arrival_oz, layout_loops_ring
D:2:      layout_basic, hellmonk_ecumenical_altar_blasted
D:3:      minmay_angry_zag, layout_basic, uniq_crazy_yiuf_cottage, uniq_grinder,
          uniq_sigmund, uniq_jessica
D:4:      nicolae_cairo_tiling_large, layout_cave_pools,
          minmay_fractal_squares_5
D:5:      layout_basic, nzn_wu_jian_contemplation
D:6:      layout_basic, mainiacjoe_overflow_small_starburst,
          trog_butcher_becter, minmay_temple_entry_waves,
          cheibrodos_sewer_entry_drain
Temple:   chequers_temple_sunken

Skill      XL: |  1  2  3  4  5  6  7  8 |
---------------+-------------------------+-----
Stealth        | 2 3 4 |  4.7
Dodging        | 2 3 4 |  4.3
Fighting       | 1 2 3 4 |  4.2
Spellcasting   | 3 4 |  4.4
Conjurations   | 5 6 |  6.0
Hexes          | 1 2 3 |  3.1
Translocations | 1 2 |  2.9

Action                   |  1- 3 |  4- 6 |  7- 9 || total
-------------------------+-------+-------+-------++-------
Melee: Dagger            |    27 |    20 |    31 ||    78
       Touch             |     5 |     2 |     3 ||    10
 Cast: Magic Dart        |    36 |    48 |    27 ||   111
       Searing Ray       |    23 |    27 |    36 ||    86
       Dazzling Flash    |       |       |     1 ||     1
Evoke: Wand              |       |       |     1 ||     1
  Use: Scroll            |     7 |     3 |     1 ||    11
 Stab: Sleeping          |     7 |     1 |     2 ||    10
       Paralysed         |       |       |    11 ||    11
Armor: Robe              |     8 |    14 |    12 ||    34
Dodge: Dodged            |    31 |    29 |    23 ||    83
